 Dungeon Crawl Stone Soup version 0.23-a0-183-gf37f6fb (webtiles) character file.

56 sansundertale the Conjurer (level 3, -1/19 HPs)
             Began as a Deep Elf Conjurer on Sept 21, 2018.
             Was an Initiate of Sif Muna.
             Slain by Sigmund
             ... wielding a +0 scythe
              (9 damage)
             ... on level 2 of the Dungeon on Sept 22, 2018.
             The game lasted 00:11:48 (1249 turns).

sansundertale the Conjurer (Deep Elf Conjurer)      Turns: 1249, Time: 00:11:49

Health: -1/19      AC:  3    Str:  5    XL:     3   Next: 69%
Magic:  2/9        EV: 13    Int: 20    God:    Sif Muna [......]
Gold:   47         SH:  0    Dex: 15    Spells: 2/8 levels left

rFire    . . .     SeeInvis .   i - +2 whip (pain)
rCold    . . .     Gourm    .   (no shield)
rNeg     . . .     Faith    .   a - +0 robe
rPois    .         Spirit   .   (no helmet)
rElec    .         Reflect  .   j - +0 cloak
rCorr    .         Harm     .   (no gloves)
MR       .....                  (no boots)
Stlth    ++........             (no amulet)
HPRegen  0.06/turn              e - ring of wizardry
MPRegen  0.11/turn              (no ring)

@: no status effects
A: no striking features
a: Renounce Religion


You were on level 2 of the Dungeon.
You worshipped Sif Muna.
Sif Muna was noncommittal.
You were not hungry.

You visited 1 branch of the dungeon, and saw 2 of its levels.

You collected 47 gold pieces.

Inventory:

Hand Weapons
 d - a +0 short sword
 i - a +2 whip of pain (weapon)
Armour
 a - a +0 robe (worn)
 j - a +0 cloak (worn)
Jewellery
 e - a ring of wizardry (left hand)
Potions
 b - a potion of heal wounds
 g - a potion of curing
 h - a potion of haste {unknown}
Comestibles
 c - 3 rations
 f - 6 chunks of flesh


   Skills:
 + Level 0.1 Short Blades
 + Level 0.3 Maces & Flails
 + Level 2.6 Dodging
 + Level 2.7 Stealth
 + Level 3.3 Spellcasting
 + Level 5.5 Conjurations


You had 2 spell levels left.
You knew the following spells:

 Your Spells              Type           Power        Failure   Level  Hunger
a - Magic Dart            Conj           ####         1%          1    None
b - Dazzling Spray        Conj/Hex       ##....       5%          3    ###....
c - Searing Ray           Conj           ####..       1%          2    ##.....

Your spell library contained the following spells:

 Spells                   Type           Power        Failure   Level  Hunger
 Iskenderun's Mystic Bla  Conj           ####....     6%          4    ####...
 Force Lance              Conj/Tloc      ##......     17%         4    ####...
 Fulminant Prism          Conj/Hex       ##........   17%         4    ####...


Dungeon Overview and Level Annotations

Branches:
Dungeon (2/15)

Altars:
Elyvilon
Sif Muna

Annotations:
D:2 Sigmund


Message History

(Press . to maintain the ray.) Sigmund gestures at you while chanting.
The puff of flame misses you.
The searing ray hits Sigmund.
Sigmund is heavily wounded.
Sigmund barely misses you.
The searing ray hits Sigmund.
Sigmund is heavily wounded.
The searing ray hits Sigmund.
Sigmund is almost dead.
You finish channeling your searing ray.
Sigmund mumbles some strange words.
Sigmund flickers and vanishes!
Deactivating autopickup; reactivate with Ctrl-A.
Casting: Searing Ray (safe; 1% risk of failure)
Confirm with . or Enter, or press ? or * to list all spells.
You can't see any susceptible monsters within range! (Use Z to cast anyway.)
Something hits you.
You barely miss something. Something hits you!
You die...

...# .⌠. ... #.#
#?# ## ##.## ##
#...###...###...#
..⌠....._....?⌠..
#...###{@.###...
# ##.## ### #.#
#.# ##.## ##.#
#...# #..# #.⌠.#
#.## #...# #.#
##.## ##.## #.#
##...##


There were no monsters in sight!

Vanquished Creatures
  An adder (D:2)
  A worm (D:2)
  A dart slug (D:1)
  2 leopard geckos (D:1)
  5 bats
  2 giant cockroaches
  A goblin (D:1)
  3 hobgoblins (D:1)
  7 jackals
  A quokka (D:2)
  A ball python (D:1)
  A frilled lizard (D:1)
  6 kobolds
  5 rats
  7 toadstools (D:1)
44 creatures vanquished.

Notes
Turn   | Place    | Note
-------+----------+-------------------------------------------
     0 | D:1      | sansundertale the Deep Elf Conjurer began the quest for the
                  | Orb.
     0 | D:1      | Reached XP level 1. HP: 10/10 MP: 6/6
   291 | D:1      | Reached XP level 2. HP: 8/15 MP: 6/8
   352 | D:1      | Reached skill level 5 in Conjurations
   686 | D:1      | Reached XP level 3. HP: 19/19 MP: 5/9
   855 | D:1      | Learned a level 3 spell: Dazzling Spray
   877 | D:1      | Learned a level 2 spell: Searing Ray
  1101 | D:2      | Found a deep blue altar of Sif Muna.
  1110 | D:2      | Became a worshipper of Sif Muna the Loreminder
  1225 | D:2      | Found a white marble altar of Elyvilon.
  1233 | D:2      | Noticed Sigmund
  1249 | D:2      | Slain by Sigmund

Vault maps used:
D:1:      nagdon_arrival_double_spiral
D:2:      lemuel_coloured_pillars_altar, elyvilon_altar_1, uniq_sigmund,
          uniq_robin

Skill      XL: |  1  2 |
---------------+-------+-----
Conjurations   | 5 |  5.5
Short Blades   | |  0.1
Maces & Flails | |  0.3
Dodging        | |  2.6
Stealth        | |  2.7
Spellcasting   | |  3.3

Action                   || total
-------------------------++-------
Melee: Unarmed           ||    56
       Short sword       ||    10
       Whip              ||    20
 Cast: Magic Dart        ||    52
       Searing Ray       ||     4
       Dazzling Spray    ||     1
  Use: Potion            ||     2
       Scroll            ||     1
  Eat: Chunk             ||     1
Armor: Robe              ||    18
Dodge: Dodged            ||    55

Table legend:
 A = Non-vault XP
 B = Vault XP
 C = Vault XP percentage of total XP
 D = Non-vault monster count
 E = Vault monster count
 F = Vault count percentage of total count
                 A         B        C        D         E       F
            +---------+---------+-------+---------+---------+-------
      Total |      80 |       0 |   0.0 |      37 |       0 |   0.0
            +---------+---------+-------+---------+---------+-------
        D:1 |      46 |       0 |   0.0 |      26 |       0 |   0.0
        D:2 |      34 |       0 |   0.0 |      11 |       0 |   0.0
            +---------+---------+-------+---------+---------+-------
